 Dungeon Crawl Stone Soup version 0.31.0-32-g396128a36d (webtiles) character file.

Game seed: 1199338209422844063

4435 Anone the Carver (level 10, -13/71 HPs)
             Began as a Merfolk Monk on Apr 14, 2024.
             Was an Elder of Fedhas.
             Killed by an exploding ballistomycete spore (31 damage)
             ... set off by their pet
             ... on level 8 of the Dungeon.
             The game lasted 00:16:41 (7871 turns).

Anone the Carver (Merfolk Monk)                     Turns: 7871, Time: 00:16:41

Health: -13/71     AC:  7    Str: 13    XL:     10   Next: 36%
Magic:  4/16       EV: 16    Int:  9    God:    Fedhas [****..]
Gold:   469        SH:  0    Dex: 20    Spells: 14/17 levels left

rFire   . . .        L - +1 falchion (freeze)
rCold   x . .        n - +0 buckler
rNeg    . . .        c - +2 leather armour {Will+}
rPois   .            q - +1 helmet
rElec   .            (no cloak)
rCorr   .            (no gloves)
SInv    .            (no boots)
Will    +....        (no amulet)
Stlth   +            (no ring)
HPRegen 0.31/turn    (no ring)
MPRegen 0.15/turn

%: no passive effects
@: confused
A: (nimble swimmer 2), mertail, teleportitis 1, cold vulnerability 1, subdued
magic 1
a: Renounce Religion, Wall of Briars, Grow Ballistomycete, Overgrow


You were on level 8 of the Dungeon.
You worshipped Fedhas.
Fedhas was greatly pleased with you.
You visited 2 branches of the dungeon, and saw 9 of its levels.
You also visited: Ossuary.

You collected 469 gold pieces.

Inventory:

Hand Weapons
 a - a +0 falchion
 r - a +0 falchion of protection
 L - a +1 falchion of freezing (weapon)
Missiles
 f - 11 poisoned darts (quivered)
Armour
 b - a +0 robe
 c - a +2 leather armour of willpower (worn)
 d - an orb of light
 n - a +0 buckler (worn)
 q - a +1 helmet (worn)
 F - a +1 leather armour of poison resistance
Jewellery
 w - a ring of protection from cold
 E - the ring of the Kodama {Str+2 Dex+6}
   (You found it on level 5 of the Dungeon)

   [ring of dexterity]

   Str+2:     It affects your strength (+2).
   Dex+6:     It affects your dexterity (+6).
Wands
 p - a wand of flame (26)
 D - a wand of iceblast (10)
 I - a wand of light (11)
Scrolls
 h - a scroll of noise
 k - a scroll of fear
 s - a scroll of brand weapon
 v - 2 scrolls of poison {unknown}
 x - a scroll of fog {unknown}
 y - 2 scrolls of enchant armour {unknown}
 A - a scroll of blinking {unknown}
 B - a scroll of revelation {unknown}
 G - a scroll of summoning {unknown}
 H - a scroll of immolation {unknown}
 J - a scroll of amnesia {unknown}
Potions
 e - a potion of mutation
 g - 4 potions of brilliance {unknown}
 i - 3 potions of invisibility {unknown}
 j - a potion of degeneration {unknown}
 l - a potion of experience {unknown}
 m - 9 potions of curing {unknown}
 o - 3 potions of haste {unknown}
 t - 4 potions of heal wounds {unknown}
 u - a potion of lignification {unknown}
 z - 2 potions of magic {unknown}
 C - a potion of attraction {unknown}
 K - a potion of might {unknown}


   Skills:
 - Level 4.0 Fighting
 * Level 11.0 Long Blades
 + Level 7.5 Dodging
 - Level 2.0 Stealth
 - Level 5.0 Shields
 + Level 4.2 Spellcasting
 - Level 2.0 Conjurations
 + Level 2.3 Translocations
 - Level 4.0 Alchemy
 + Level 6.1 Invocations


You had 14 spell levels left.
You knew the following spells:

 Your Spells              Type           Power      Damage    Failure   Level
a - Sting                 Conj/Alch      20%        1d4       12%         1
b - Blink                 Tloc           8%         N/A       22%         2

Your spell library contained the following spells:

 Spells                   Type           Power      Damage    Failure   Level
 Apportation              Tloc           8%         N/A       16%         1
 Lesser Beckoning         Tloc           8%         N/A       22%         2
 Momentum Strike          Conj/Tloc      8%         3d8       24%         2
 Necrotise                Necr           4%         1d4       38%         1
 Slow                     Hex            4%         N/A       38%         1
 Summon Small Mammal      Summ           4%         N/A       38%         1
 Confusing Touch          Hex            1%         N/A       77%         3
 Sigil of Binding         Hex            1%         N/A       77%         3
 Vampiric Draining        Necr           1%         2d6       77%         3
 Vhi's Electric Charge    Tloc/Air       6%         N/A       95%         4
 Animate Dead             Necr           1%         N/A       99%         4
 Arcjolt                  Conj/Air       1%         1d11      100%        5
 Haunt                    Necr/Summ      0%         N/A       100%        7
 Infestation              Necr           0%         N/A       100%        8
 Maxwell's Capacitive Co  Air            0%         ∞         100%        8


Dungeon Overview and Level Annotations

Branches:
Dungeon (8/15)             Temple (1/1) D:7         Ossuary (visited)
   Lair: D:8-11

Altars:
Ashenzari
Cheibriados
Dithmenos
Elyvilon
Fedhas
Gozag
Hepliaklqana
Kikubaaqudgha
Makhleb
Nemelex Xobeh
Okawaru
Qazlal
Ru
Sif Muna
Trog
Uskayaw
Vehumet
Wu Jian
Xom
Yredelemnul
Zin
The Shining One

Annotations:
D:7 3 runed translucent doors, PaiMei's ghost, novice DsNe; kftrendy's ghost, novice VSBe; middlethird's ghost, novice VSIE; monsoonserge's ghost, novice OpSh


Innate Abilities, Weirdness & Mutations

((You are very nimble when in or above water. (Stealth+, EV+, Speed+++)))
Your lower body shifts to a powerful aquatic tail in water.
You are occasionally teleported next to monsters.
You are vulnerable to cold. (rC-)
Your spells are a little easier to cast, but a little less powerful.


Message History

The bullfrog hits your oklob sapling but does no damage.
You swap places.
The howler monkey barely misses your ballistomycete spore.
The yak gores your oklob sapling!
Your ballistomycete spore explodes!
Fedhas protects your plant from harm. x2
The explosion of spores engulfs you!!
You are confused.
The howler monkey appears confused.
The explosion of spores engulfs the howler monkey!!
You kill the howler monkey!
Fedhas appreciates your contribution to the ecosystem.
The bullfrog hits your oklob sapling but does no damage.
A ballistomycete spore comes into view.
You bump into the rock wall.
The bullfrog hits your oklob sapling.
The yak gores your oklob sapling but does no damage.
The yak closely misses your ballistomycete spore.
Your ballistomycete spore explodes!
Fedhas protects your plant from harm. x2
The explosion of spores engulfs you!!
You are more confused.
* * * LOW HITPOINT WARNING * * *
The yak appears confused.
The explosion of spores engulfs the yak!
The yak is moderately wounded.
The bullfrog hits your oklob sapling.
A ballistomycete spore comes into view.
It was a potion of mutation.
You feel extremely strange.
Your connection to magic feels subdued.
You feel weirdly uncertain.
You feel vulnerable to cold. The yak gores your ballistomycete!!
The yak gores your oklob sapling but does no damage.
The yak barely misses your ballistomycete spore.
The bullfrog hits your oklob sapling but does no damage.
Your ballistomycete spore explodes!
Fedhas protects your plant from harm. x2
The explosion of spores engulfs you!!
You are more confused.
You die...
Fedhas appreciates your contribution to the ecosystem.

#########
#.......# #<#
##@# #P)# #PY#
#PY#
h.....FYo.ooo.#
.###...oo.....#
####........
###...### ...#


You could see 3 yaks, a bullfrog (ally target), 3 orcs, a friendly
ballistomycete (summoned) and 2 friendly oklob saplings.

Vanquished Creatures
  Jeremiah (D:7)
  A hornet (D:7)
  Prince Ribbit (D:5)
  Sigmund (D:5)
  A wyvern (D:7)
  3 steam dragons
  2 water moccasins
  An ice beast (D:6)
  A sky beast (D:7)
  An orc warrior (D:7)
  2 black bears
  3 centaurs
  A phantom (D:5)
  A kobold brigand (D:7)
  2 bullfrogs (D:7)
  A scorpion (D:4)
  A wight (D:8)
  6 water moccasin zombies (Ossuary)
  A burial acolyte (Ossuary)
  A howler monkey (D:8)
  6 crimson imps (D:7)
  A jelly (D:6)
  A bombardier beetle (D:5)
  9 orc priests
  Jessica (D:2)
  2 iguanas
  4 orc wizards
  Natasha (thrice) (D:3)
  A crocodile zombie (Ossuary)
  A bullfrog simulacrum (Ossuary)
  A mummy (Ossuary)
  Robin (D:3)
  8 adders
  3 shadow imps
  A white imp (D:7)
  6 adder zombies (Ossuary)
  4 dart slugs
  A ribbon worm (D:2)
  20 orcs
  10 ball pythons
  6 endoplasms
  3 giant cockroaches
  12 gnoll zombies (Ossuary)
  17 goblins
  14 hobgoblins
  4 jackals (D:1)
  10 kobolds
  6 quokkas
  6 bats
  4 frilled lizards
  5 jackal zombies (Ossuary)
  3 orc zombies (Ossuary)
  5 rats
211 creatures vanquished.

Vanquished Creatures (collateral kills)
  A black bear (D:4)
  A phantom (D:6)
  Ijyb (D:5)
  A mummy (Ossuary)
  2 ufetubi (D:6)
  25 ballistomycete spores
31 creatures vanquished.

Vanquished Creatures (others)
  A black bear (D:6)
  An orc (D:4)
  2 ballistomycete spores (D:7)
4 creatures vanquished.

Grand Total: 246 creatures vanquished

Notes
Turn   | Place    | Note
-------+----------+-------------------------------------------
     0 | D:1      | Anone the Merfolk Monk began the quest for the Orb.
     0 | D:1      | Reached XP level 1. HP: 18/18 MP: 1/1
   136 | D:1      | Reached skill level 4 in Long Blades
   136 | D:1      | Reached XP level 2. HP: 20/24 MP: 2/2
   490 | D:1      | Reached XP level 3. HP: 28/29 MP: 3/3
   941 | D:2      | Found a faded altar of an unknown god.
   956 | D:2      | Prayed at the altar of an unknown god.
   956 | D:2      | Became a worshipper of Fedhas Madash
   956 | D:2      | Reached * piety under Fedhas
   956 | D:2      | Reached ** piety under Fedhas
   977 | D:2      | Learned a level 1 spell: Sting
  1190 | D:2      | Reached XP level 4. HP: 30/37 MP: 1/4
  1251 | D:2      | Reached *** piety under Fedhas
  1425 | D:2      | Noticed Jessica
  1448 | D:2      | Killed Jessica
  1449 | D:2      | Reached skill level 1 in Alchemy
  1687 | D:2      | Reached skill level 5 in Long Blades
  1896 | D:2      | Reached XP level 5. HP: 42/42 MP: 1/5
  2147 | D:3      | Noticed Robin
  2174 | D:3      | Killed Robin
  2197 | D:3      | Reached skill level 1 in Invocations
  2281 | D:3      | Reached skill level 1 in Shields
  2322 | D:3      | Reached **** piety under Fedhas
  2476 | D:3      | Found an ornate altar of the Wu Jian Council.
  2486 | D:3      | Reached skill level 1 in Spellcasting
  2486 | D:3      | Reached XP level 6. HP: 42/48 MP: 2/7
  2595 | D:3      | Noticed Natasha
  2603 | D:3      | Killed Natasha
  2707 | D:3      | Noticed Natasha
  2720 | D:3      | Killed Natasha
  2844 | D:3      | Noticed Natasha
  2852 | D:3      | Killed Natasha
  3006 | D:4      | Noticed a black bear
  3018 | D:4      | Killed a black bear
  3057 | D:4      | Reached skill level 6 in Long Blades
  3057 | D:4      | Reached XP level 7. HP: 52/54 MP: 2/9
  3106 | D:4      | Found a sand-covered staircase.
  3117 | Ossuary  | Entered an ossuary
  3334 | Ossuary  | Reached ***** piety under Fedhas
  3444 | Ossuary  | Reached XP level 8. HP: 54/60 MP: 11/11
  3488 | Ossuary  | Reached skill level 7 in Long Blades
  3903 | D:5      | Entered Level 5 of the Dungeon
  4140 | D:5      | Noticed Ijyb
  4156 | D:5      | Killed Ijyb
  4314 | D:5      | Noticed Sigmund
  4342 | D:5      | Killed Sigmund
  4343 | D:5      | Reached skill level 8 in Long Blades
  4343 | D:5      | Reached skill level 5 in Shields
  4425 | D:5      | Identified the ring of the Kodama {Str+2 Dex+6}
  4525 | D:5      | Noticed Prince Ribbit
  4538 | D:5      | Killed Prince Ribbit
  4539 | D:5      | Reached skill level 5 in Dodging
  4539 | D:5      | Reached skill level 1 in Stealth
  4686 | D:5      | Reached XP level 9. HP: 65/65 MP: 11/13
  5150 | D:6      | Reached skill level 9 in Long Blades
  5855 | D:7      | Reached skill level 5 in Invocations
  5982 | D:7      | Noticed Jeremiah
  5993 | D:7      | Learned a level 2 spell: Blink
  6084 | D:7      | Found a runed translucent gate.
  6084 | D:7      | Found a runed translucent gate.
  6085 | D:7      | Found a runed translucent gate.
  6086 | D:7      | Noticed PaiMei's ghost (novice DsNe)
  6086 | D:7      | Noticed PaiMei's ghost (novice DsNe)
  6087 | D:7      | Noticed middlethird's ghost (novice VSIE)
  6087 | D:7      | Noticed monsoonserge's ghost (novice OpSh)
  6087 | D:7      | Noticed kftrendy's ghost (novice VSBe)
  6204 | D:7      | Found a staircase to the Ecumenical Temple.
  6365 | Temple   | Entered the Ecumenical Temple
  6523 | D:7      | Killed Jeremiah
  6524 | D:7      | Reached skill level 10 in Long Blades
  6524 | D:7      | Reached skill level 1 in Conjurations
  6524 | D:7      | Reached skill level 1 in Translocations
  6756 | D:7      | Reached XP level 10. HP: 32/71 MP: 13/15
  7037 | D:7      | Identified the +2 sling of Tewof {heavy, rCorr Int-3 Dex+5
                  | SInv}
  7653 | D:8      | Reached skill level 11 in Long Blades
  7871 | D:8      | Gained mutation: Your spells are a little easier to cast,
                  | but a little less powerful. [potion of mutation]
  7871 | D:8      | Gained mutation: You are occasionally teleported next to
                  | monsters. [potion of mutation]
  7871 | D:8      | Gained mutation: You are vulnerable to cold. (rC-) [potion
                  | of mutation]
  7871 | D:8      | Killed by an exploding ballistomycete spore... set off by
                  | their pet

Illustrated notes

Levels and vault maps discovered:
D:1:      reono_arrival_mine, layout_basic, nicolae_titane
D:2:      layout_basic, ebering_ecumenical_altar_sacrificial,
          minmay_fountain_box, uniq_jessica
D:3:      layout_basic, lemuel_tele_altar, uniq_robin, uniq_natasha
D:4:      layout_rooms, lightli_ossuary_entry_decrepit_ruins, hellmonk_no_cap
D:5:      layout_loops_cross, uniq_sigmund, uniq_ijyb, uniq_prince_ribbit1
D:6:      layout_loops_ring
D:7:      layout_basic, temple_pool_b, serial_aquarium,
          aquarium_bridge_long_joined [aquarium_subvault_wall,
          aquarium_subvault_bridge, aquarium_subvault_wall,
          aquarium_subvault_bridge, aquarium_subvault_bridge,
          aquarium_subvault_wall], aquarium_bridge_square
          [aquarium_subvault_wall, aquarium_subvault_bridge,
          aquarium_subvault_bridge, aquarium_subvault_wall],
          aquarium_window_corner, aquarium_window_fake, aquarium_view_2c,
          aquarium_balcony_3a, gammafunk_ghost_cemetery, minmay_nine_imps,
          uniq_jeremiah
D:8:      layout_loops_cross
Temple:   kilobyte_greek_temple

Skill      XL: |  1  2  3  4  5  6  7  8  9 10 |
---------------+-------------------------------+-----
Long Blades    | 4 5 6 8 10 11 | 11.0
Fighting       | 4 |  4.0
Alchemy        | 1 2 3 4 |  4.0
Invocations    | 1 2 4 5 6 |  6.1
Shields        | 1 2 3 5 |  5.0
Spellcasting   | 1 2 3 4 |  4.2
Dodging        | 5 6 7 |  7.5
Stealth        | 1 2 |  2.0
Conjurations   | 1 2 |  2.0
Translocations | 1 2 |  2.3

Action                     |  1- 3 |  4- 6 |  7- 9 | 10-12 || total
---------------------------+-------+-------+-------+-------++-------
  Melee: Falchion          |    95 |   170 |   413 |   145 ||   823
  Throw: Dart              |       |       |    19 |       ||    19
   Cast: Sting             |     1 |    35 |    21 |    38 ||    95
 Invoke: Wall of Briars    |       |     1 |     8 |     2 ||    11
         Grow Ballistomyce |       |       |     3 |       ||     3
         Overgrow          |       |       |       |     1 ||     1
    Use: Scroll            |       |     4 |       |       ||     4
         Potion            |       |       |     2 |     1 ||     3
   Stab: Sleeping          |       |     3 |     1 |     1 ||     5
 Armour: Robe              |    41 |    76 |   126 |       ||   243
         Leather armour    |       |       |    99 |    85 ||   184
  Dodge: Dodged            |    69 |   111 |   250 |   133 ||   563
  Block: Buckler           |       |    38 |    91 |    55 ||   184
